 Dungeon Crawl Stone Soup version 0.14.1-26-g5a19342 (webtiles) character file.

994 Kae the Firebug (level 7, -4/36 HPs)
             Began as a Deep Elf Fire Elementalist on July 27, 2014.
             Killed by divine providence
             ... invoked by an orc priest
              (14 damage)
             ... on Level 6 of the Dungeon.
             The game lasted 00:06:34 (5454 turns).

Kae the Firebug (Deep Elf Fire Elementalist)        Turns: 5454, Time: 00:06:34

HP  -4/36        AC  4     Str  7      XL: 7   Next: 44%
MP  21/23        EV 12     Int 20      God:
Gold 264         SH  0     Dex 18      Spells:  4 memorised,  7 levels left

rFire  . . .     SeeInvis .     (no weapon)
rCold  . . .     Clarity  .     a - +0 robe
rNeg   . . .     Conserve .     (no shield)
rPois  .         rCorr    .     (no helmet)
rElec  .         rRot     .     (no cloak)
SustAb . .       Spirit   .     (no gloves)
rMut   .         Warding  .     k - +1 pair of boots
Saprov . . .     Stasis   .     (no amulet)
MR     .....                    (no ring)
                                t - +3 ring of dexterity

@: drained, not resistant to hostile enchantments, fairly stealthy
A: no striking features
a: no special abilities


You were on level 6 of the Dungeon.
You were hungry.

You visited 2 branches of the dungeon, and saw 7 of its levels.

You collected 264 gold pieces.

Inventory:

Missiles
 h - 8 javelins
 j - 3 tomahawks (quivered)
Armour
 a - a +0 robe (worn)
 k - a +1 pair of boots (worn)
Comestibles
 c - 6 bread rations
 r - 3 pears
 z - a banana
 B - a snozzcumber
Scrolls
 e - a scroll of enchant armour
 i - 2 scrolls of remove curse
 l - a scroll of noise {unknown}
 o - 2 scrolls of amnesia {unknown}
 p - a scroll of random uselessness
 q - 2 scrolls of identify
 s - 3 scrolls of teleportation {unknown}
 v - a scroll of fear {unknown}
 w - 2 scrolls of fog
 x - 2 scrolls of blinking {unknown}
 y - a scroll of recharging {unknown}
 D - a scroll of immolation {unknown}
Jewellery
 t - a +3 ring of dexterity (left hand)
Potions
 d - 2 potions of might {unknown}
 f - 2 potions of invisibility {unknown}
 g - 2 potions of curing
 m - a potion of haste {unknown}
 n - a potion of poison {unknown}
 u - 2 potions of confusion {unknown}
 A - 4 potions of degeneration {unknown}
Books
 b - a book of Flames

   Spells                             Type                      Level
   *Flame Tongue                      Conjuration/Fire             1
   *Throw Flame                       Conjuration/Fire             2
   *Conjure Flame                     Conjuration/Fire             3
   Inner Flame                        Hexes/Fire                   3
   *Sticky Flame                      Conjuration/Fire             4
   Fireball                           Conjuration/Fire             5


   Skills:
 - Level 2.4(1.8) Dodging
 - Level 2.4(1.8) Stealth
 + Level 5.5(4.8) Spellcasting
 * Level 5.9(5.2) Conjurations
 * Level 6.4(5.7) Fire Magic


You had 7 spell levels left.
You knew the following spells:

 Your Spells              Type           Power        Failure   Level  Hunger
a - Flame Tongue          Conj/Fire      ####.        1%          1    None
b - Throw Flame           Conj/Fire      ####..       1%          2    None
c - Conjure Flame         Conj/Fire      ####....     4%          3    ###....
d - Sticky Flame          Conj/Fire      ####....     14%         4    ####...


Dungeon Overview and Level Annotations

Branches:
Dungeon (6/15)             Temple (1/1) D:6

Altars:
Ashenzari
Cheibriados
Dithmenos
Elyvilon
Fedhas
Kikubaaqudgha
Makhleb
Nemelex Xobeh
Okawaru
Sif Muna
Trog
Yredelemnul
Zin
The Shining One

Shops:
D:5 }

Annotations:
D:2 Sigmund, Terence
D:6 Eustachio


Message History

You miss the crimson imp.
The crimson imp hits you but does no damage.
The orc priest's eyes start to glow.
You hit the crimson imp.
The crimson imp is lightly wounded.
The crimson imp hits you.
* * * LOW HITPOINT WARNING * * *
The orc priest looks braver.
You closely miss the crimson imp.
The crimson imp is lightly wounded.
The crimson imp barely misses you.
The orc priest unwields an uncursed dagger.
The orc priest drops an uncursed dagger.
The orc priest picks up a dagger of draining.
The orc priest wields a dagger of draining.
You sense an unholy aura.
You closely miss the crimson imp. The crimson imp closely misses you.
The orc priest calls down the wrath of Beogh upon you.
Something smites you!
You die...

**######### *.......)§###
########## ## *.......)§§§#
#........# ##. *.......?.#o#
#........###..
*,.....5.5#5####........'...#
*,........#§@§##........#####
*,........###.##........#
*,,.......# #..'........#
**,*####### ####........#
*,,* #######'## **,** ###...#
*,,* #...### **,* ####.######
* ** #.........#####


You could see an orc priest and a crimson imp.

Vanquished Creatures
  A centaur (D:4)
  An ogre (D:4)
  A goliath beetle (D:6)
  3 hounds
  2 orc priests
  4 orc wizards
  Natasha (thrice) (D:4)
  A worker ant (D:6)
  4 adders
  6 gnolls
  A giant mite (D:3)
  An inept feature mimic (D:6)
  An inept item mimic (D:4)
  A worm (D:3)
  An iguana zombie (D:2)
  An ooze (D:3)
  15 orcs
  A bat skeleton (D:4)
  8 hobgoblins
  16 kobolds
  2 quokkas (D:4)
  3 ball pythons
  7 bats
  6 giant cockroaches
  2 giant geckos
  4 giant newts
  13 goblins
  2 jackals (D:2)
  8 rats
  A rat skeleton (D:4)
120 creatures vanquished.

Notes
Turn   | Place    | Note
--------------------------------------------------------------
     0 | D:1      | Kae, the Deep Elf Fire Elementalist, began the quest for the Orb.
     0 | D:1      | Reached XP level 1. HP: 10/10 MP: 5/5
   314 | D:1      | Reached XP level 2. HP: 13/15 MP: 0/8
  1136 | D:2      | Reached XP level 3. HP: 6/19 MP: 0/11
  1352 | D:2      | Noticed Sigmund
  1398 | D:2      | Noticed Terence
  1471 | D:2      | Reached skill level 4 in Fire Magic
  1760 | D:2      | Reached XP level 4. HP: 24/24 MP: 10/14
  1822 | D:2      | Learned a level 2 spell: Throw Flame
  1826 | D:2      | Learned a level 3 spell: Conjure Flame
  2221 | D:3      | Found a bloodstained altar of Trog.
  2706 | D:4      | Reached XP level 5. HP: 18/28 MP: 13/18
  2958 | D:4      | HP: 1/28 [orc wizard/magic dart (9)]
  3245 | D:4      | Noticed a centaur
  3254 | D:4      | Killed a centaur
  3254 | D:4      | Reached skill level 5 in Fire Magic
  3254 | D:4      | Reached XP level 6. HP: 30/32 MP: 17/20
  3512 | D:4      | Noticed Natasha
  3519 | D:4      | Killed Natasha
  3619 | D:4      | Found a deep blue altar of Sif Muna.
  3644 | D:4      | Noticed Natasha
  3650 | D:4      | Killed Natasha
  3719 | D:4      | Noticed an ogre
  3724 | D:4      | Killed an ogre
  3724 | D:4      | Reached skill level 5 in Spellcasting
  3724 | D:4      | Reached skill level 5 in Conjurations
  3867 | D:4      | Noticed Natasha
  3870 | D:4      | Killed Natasha
  4036 | D:4      | Reached XP level 7. HP: 36/36 MP: 16/22
  4141 | D:5      | Entered Level 5 of the Dungeon
  4177 | D:5      | Found a white marble altar of Elyvilon.
  4226 | D:5      | Reached skill level 6 in Fire Magic
  4268 | D:5      | Found a blossoming altar of Fedhas.
  4455 | D:5      | Found Strack's Gadget Boutique.
  4679 | D:5      | Found a basalt altar of Yredelemnul.
  4683 | D:5      | Found a shadowy altar of Dithmenos.
  4775 | D:5      | Found a snail-covered altar of Cheibriados.
  4900 | D:6      | Found a staircase to the Ecumenical Temple.
  4917 | Temple   | Entered the Ecumenical Temple
  5092 | D:6      | Learned a level 4 spell: Sticky Flame
  5436 | D:6      | Noticed Eustachio
  5454 | D:6      | Killed from afar by an orc priest

Action                   |  1- 3 |  4- 6 |  7- 9 || total
-------------------------+-------+-------+-------++-------
Melee: Unarmed           |    19 |     3 |    12 ||    34
 Cast: Flame Tongue      |    78 |   118 |    62 ||   258
       Conjure Flame     |       |     1 |       ||     1
       Sticky Flame      |       |       |     1 ||     1
  Use: Scroll            |       |       |     6 ||     6
